 Dungeon Crawl Stone Soup version 0.26.0-10-g1f06aea511 (webtiles) character file.

Game seed: 14642430483338060065

158 Borgoz the Cudgeller (level 5, 0/49 HPs)
             Began as a Gargoyle Berserker on Jan 15, 2021.
             Was a Priest of Trog.
             Slain by a gnoll
             ... wielding a +0 whip
              (8 damage)
             ... on level 3 of the Dungeon.
             The game lasted 00:02:34 (2452 turns).

Borgoz the Cudgeller (Gargoyle Berserker)           Turns: 2452, Time: 00:02:35

Health: 0/49       AC: 11    Str: 20    XL:     5   Next: 39%
Magic:  5/5        EV: 10    Int:  8    God:    Trog [***...]
Gold:   67         SH:  0    Dex: 10    Spells: 4/4 levels left

rFire    . . .     SeeInvis .   u - +0 flail
rCold    . . .     Faith    .   (no shield)
rNeg     + . .     Spirit   .   e - +0 scale mail
rPois    ∞         Reflect  .   (no helmet)
rElec    +         Harm     .   (no cloak)
rCorr    .         Rampage  .   (no gloves)
Will     .....                  g - +0 pair of boots
Stlth    ..........             (no amulet)
HPRegen  0.16/turn              (no ring)
MPRegen  0.09/turn              (no ring)

@: berserking, very quick
A: negative energy resistance 1, electricity resistance, unbreathing,
petrification resistance, miasma immunity, AC +4
a: Renounce Religion, Berserk, Trog's Hand


You were on level 3 of the Dungeon.
You worshipped Trog.
Trog was most pleased with you.
You visited 1 branch of the dungeon, and saw 3 of its levels.

You collected 67 gold pieces.

Inventory:

Hand Weapons
 u - a +0 flail (weapon)
Armour
 e - a +0 scale mail (worn)
 g - a +0 pair of boots (worn)
Jewellery
 q - an uncursed ring of poison resistance {unknown}
Scrolls
 a - a scroll of amnesia {unknown}
 b - a scroll of fog {unknown}
 d - a scroll of teleportation
 f - a scroll of immolation {unknown}
 m - 4 scrolls of identify {unknown}
 n - 2 scrolls of remove curse {unknown}
 o - 2 scrolls of fear {unknown}
 p - a scroll of noise {unknown}
 t - 2 scrolls of random uselessness {unknown}
 v - a scroll of enchant armour {unknown}
Potions
 c - a potion of cancellation {unknown}
 h - a potion of heal wounds {unknown}
 i - 2 potions of mutation {unknown}
 j - a potion of lignification {unknown}
 k - a potion of ambrosia {unknown}
 l - a potion of invisibility {unknown}
 r - a potion of flight {unknown}
 s - a potion of degeneration {unknown}


   Skills:
 + Level 4.0 Fighting
 * Level 4.1 Maces & Flails
 + Level 3.1 Armour
 * Level 2.8 Dodging


You had 4 spell levels left.
You didn't know any spells.
Your spell library was empty.

Dungeon Overview and Level Annotations

Branches:
Dungeon (3/15)

Altars:


Innate Abilities, Weirdness & Mutations

You are resistant to torment.
Your stone body is resilient. (AC +4)
You are immune to poison.
You resist negative energy. (rN+)
You are resistant to electric shocks. (rElec)
You can survive without breathing.
You are immune to petrification.
You are immune to miasma.


Message History

The gnoll is moderately wounded.
The leopard gecko bites you. The gnoll hits you with a +0 flail.
The gnoll hits you but does no damage. The leopard gecko closely misses you.
You closely miss the leopard gecko. The gnoll closely misses you.
The gnoll hits you with a +0 whip.
You sock the leopard gecko!
You feel the power of Trog in you as your rage grows.
You kill the leopard gecko!
Trog accepts your kill. The gnoll barely misses you.
The gnoll hits you with a +0 flail.
* * * LOW HITPOINT WARNING * * *
You hit the gnoll.
The gnoll is heavily wounded.
The gnoll hits you with a +0 flail.
* * * LOW HITPOINT WARNING * * *
You barely miss the gnoll.
The gnoll is heavily wounded.
The gnoll hits you with a +0 whip!
You die...

...........#
.....†.....##
............#
............# #
..........#.## ##.#
..........#$.######....
########......).....#
#......†.)...#
#.......g@...#
#.......g....#
#...........=#
#............#
#..............
#......"....####
######.>..... #########


You could see 2 gnolls.

Vanquished Creatures
  6 gnolls (D:3)
  An adder (D:2)
  An ooze (D:1)
  A worm (D:2)
  3 dart slugs
  3 leopard geckos
  An orc (D:3)
  8 bats
  3 giant cockroaches
  7 goblins
  10 hobgoblins
  4 jackals (D:2)
  6 kobolds
  5 quokkas
  2 ball pythons (D:1)
  4 frilled lizards
  6 rats
71 creatures vanquished.

Notes
Turn   | Place    | Note
-------+----------+-------------------------------------------
     0 | D:1      | Borgoz the Gargoyle Berserker began the quest for the Orb.
     0 | D:1      | Reached XP level 1. HP: 14/14 MP: 1/1
   119 | D:1      | Reached XP level 2. HP: 14/19 MP: 2/2
   507 | D:1      | Reached XP level 3. HP: 23/23 MP: 3/3
   971 | D:2      | Reached ** piety under Trog
  1120 | D:2      | Reached XP level 4. HP: 25/29 MP: 4/4
  2173 | D:3      | Reached *** piety under Trog
  2184 | D:3      | Reached XP level 5. HP: 16/33 MP: 5/5
  2452 | D:3      | Slain by a gnoll

Illustrated notes

Levels and vault maps discovered:
D:1:      minmay_arrival_stair_chambers, layout_basic
D:2:      layout_basic, minmay_tall_x
D:3:      layout_basic

Skill      XL: |  1  2  3  4  5 |
---------------+----------------+-----
Dodging        | 2 |  2.8
Armour         | 3 |  3.1
Fighting       | 4 |  4.0
Maces & Flails | 4 |  4.1

Action                   |  1- 3 |  4- 6 || total
-------------------------+-------+-------++-------
Melee: Mace              |   102 |    79 ||   181
       Flail             |       |    52 ||    52
Invok: Berserk           |       |     3 ||     3
  Use: Scroll            |     1 |       ||     1
Armor: Animal skin       |     6 |       ||     6
       Scale mail        |    60 |   122 ||   182
Dodge: Dodged            |    63 |   124 ||   187
